 Dungeon Crawl Stone Soup version 0.27.0-1-g7a089689b8 (webtiles) character file.

Game seed: 6194505956044012434

72 Spaninq the Magician (level 4, -1/32 HPs)
             Began as a Mummy Earth Elementalist on Aug 9, 2021.
             Slain by Natasha (2 damage)
             ... on level 3 of the Dungeon.
             The game lasted 00:05:04 (2321 turns).

Spaninq the Magician (Mummy Earth Elementalist)     Turns: 2321, Time: 00:05:04

Health: -1/32      AC:  2    Str: 11    XL:     4   Next: 7%
Magic:  8/9        EV: 12    Int: 15    God:
Gold:   34         SH:  0    Dex: 12    Spells: 6/10 levels left

rFire    x . .     SeeInvis .   f - +0 dagger
rCold    + . .     Faith    .   (no shield)
rNeg     + + +     Spirit   .   b - +0 robe
rPois    ∞         Reflect  .   (no helmet)
rElec    .         Harm     .   (no cloak)
rCorr    .         Rampage  .   (no gloves)
Will     .....                  (no boots)
Stlth    ++........             (no amulet)
HPRegen  0.10/turn              (no ring)
MPRegen  0.11/turn              (no ring)

@: no status effects
A: cold resistance 1, negative energy resistance 3, torment resistance 2, heat
vulnerability 1, no potions
a: no special abilities


You were on level 3 of the Dungeon.
You visited 1 branch of the dungeon, and saw 3 of its levels.

You collected 34 gold pieces.

Inventory:

Hand Weapons
 f - a +0 dagger (weapon)
Missiles
 c - 29 stones
Armour
 b - a +0 robe (worn)
Magical Staves
 d - a staff of poison
Scrolls
 a - a scroll of teleportation
 e - a scroll of immolation {unknown}
 g - a scroll of amnesia
 h - a scroll of enchant armour
 i - a scroll of fear
 j - a scroll of blinking {unknown}


   Skills:
 + Level 1.2 Fighting
 - Level 1.5 Dodging
 - Level 1.5 Stealth
 + Level 3.6 Spellcasting
 * Level 0.0 Conjurations
 - Level 0.7 Transmutations
 * Level 3.4 Earth Magic


You had 6 spell levels left.
You knew the following spells:

 Your Spells              Type           Power      Damage    Failure   Level
a - Sandblast             Erth           26%        2d8       4%          1
b - Stone Arrow           Conj/Erth      16%        3d8       26%         3

Your spell library contained the following spells:

 Spells                   Type           Power      Damage    Failure   Level
 Passwall                 Tmut/Erth      7%         N/A       12%         2
 Petrify                  Tmut/Erth      9%         N/A       61%         4


Dungeon Overview and Level Annotations

Branches:
Dungeon (3/15)

Altars:

Shops:
D:1 !

Annotations:
D:3 Natasha


Innate Abilities, Weirdness & Mutations

You are immune to poison.
Your flesh is cold resistant. (rC+)
You are immune to negative energy. (rN+++)
You are immune to unholy pain and torment.
You are vulnerable to heat. (rF-)
You do not drink.


Message History

You hit the ball python.
You kill the ball python!
Natasha, Servant of Life and Death comes into view.
Natasha hisses angrily.
Natasha drinks a potion.
Natasha flickers and vanishes!
Deactivating autopickup; reactivate with Ctrl-A.
Found a glass wand and a runed halberd.
You see here a quokka corpse.
An adder comes into view.
The adder hisses angrily.
You see here a fizzy dark potion.
You see here a fizzy dark potion.
Something claws you.
A magic dart appears from out of thin air!
The magic dart hits you!
A magic dart appears from out of thin air!
The magic dart hits you!
The white imp shouts, "Go and return not, thou foppish desiccated bloater!"
The white imp gestures at you. The puff of frost hits you. You resist.
* * * LOW HITPOINT WARNING * * *
The white imp gestures at you. The puff of frost hits you. You resist.
* * * LOW HITPOINT WARNING * * *
Something tries to affect you, but you resist.
A kobold comes into view. It is wielding a +0 dagger.
The kobold shouts!
The kobold hits you with a +0 dagger.
* * * LOW HITPOINT WARNING * * *
You hear some strange, mumbled words.
Something tries to affect you, but you resist.
Something claws you.
* * * LOW HITPOINT WARNING * * *
Casting: Sandblast (safe; 4% risk of failure)
Confirm with . or Enter, or press ? or * to list all spells.
Aiming: Sandblast (safe; 4% risk of failure)
Press: ? - help, Shift-Dir - straight line, f - kobold
Aim: a kobold, wielding a +0 dagger (74% to hit)
The blast of sand hits something!
Something claws you.
You die...

#.########.#.# #†#
#.# #.#.###.# #.#
#####....##.# ####.#
#.....>#.##.# #....##
#.####...##.#
#.###.###.# ##.###.#
#.# ##.##.# #K# #.#
#.# ##.#.# #.# #.#
#.# ##.<## #@# #.#
#.######...####.# #.#
#...<...##...##.###.#
########.#..†.....#.#
##.##.#...##.#
........##...#....#
.###########...####
##.## ########.#


You could see a kobold.

Vanquished Creatures
  Natasha (D:3)
  2 adders
  A worm (D:2)
  3 bats
  An endoplasm (D:1)
  A giant cockroach (D:1)
  A goblin (D:2)
  A hobgoblin (D:1)
  4 jackals (D:1)
  2 kobolds (D:1)
  A quokka (D:3)
  5 ball pythons
  A frilled lizard (D:1)
  3 rats
27 creatures vanquished.

Notes
Turn   | Place    | Note
-------+----------+-------------------------------------------
     0 | D:1      | Spaninq the Mummy Earth Elementalist began the quest for
                  | the Orb.
     0 | D:1      | Reached XP level 1. HP: 13/13 MP: 4/4
    33 | D:1      | Found a faded altar of an unknown god.
   117 | D:1      | Found Ikisaocw's Distillery.
   433 | D:1      | Reached XP level 2. HP: 18/19 MP: 0/6
  1569 | D:2      | Reached XP level 3. HP: 8/25 MP: 3/7
  2035 | D:3      | Noticed Natasha
  2103 | D:3      | Killed Natasha
  2104 | D:3      | Reached skill level 1 in Fighting
  2196 | D:3      | Reached XP level 4. HP: 32/32 MP: 6/9
  2248 | D:3      | Learned a level 3 spell: Stone Arrow
  2271 | D:3      | Noticed Natasha
  2319 | D:3      | HP: 1/32 [something (2)]
  2321 | D:3      | Slain by Natasha

Illustrated notes

Levels and vault maps discovered:
D:1:      wander_arrival_estate, layout_loops_corners,
          hellmonk_ecumenical_altar_crossroads, serial_shops,
          nicolae_shop_competitors_out_of_business, item_on_display_a
D:2:      layout_basic
D:3:      layout_loops_ring, gammafunk_ghost_abyssal_escape, uniq_natasha,
          uniq_terence

Skill      XL: |  1  2  3 |
---------------+----------+-----
Spellcasting   | 3 |  3.6
Earth Magic    | 3 |  3.4
Fighting       | 1 |  1.2
Dodging        | |  1.5
Stealth        | |  1.5
Transmutations | |  0.7

Action                   |  1- 3 |  4- 6 || total
-------------------------+-------+-------++-------
Melee: Dagger            |    48 |     2 ||    50
       Unarmed           |    12 |       ||    12
 Cast: Sandblast         |    33 |     2 ||    35
  Use: Scroll            |     4 |       ||     4
 Stab: Sleeping          |     3 |     1 ||     4
Armor: Robe              |    20 |       ||    20
Dodge: Dodged            |    47 |       ||    47
